 Dungeon Crawl Stone Soup version 0.28.0-45-g0d030f2227 (webtiles) character file.

Game seed: 2325594434064067862

235 Ablot the Cutter (level 6, -4/53 HPs)
             Began as a Gnoll Chaos Knight on Apr 17, 2022.
             Was a Plaything of Xom.
             Slain by an ice beast (12 damage)
             ... on level 4 of the Dungeon.
             The game lasted 00:04:08 (2798 turns).

Ablot the Cutter (Gnoll Chaos Knight)               Turns: 2798, Time: 00:04:09

Health: -4/53      AC:  8    Str: 14    XL:     6   Next: 6%
Magic:  8/8        EV: 12    Int: 11    God:    Xom [..*...]
Gold:   163        SH:  0    Dex: 13    Spells: 8/8 levels left

rFire   . . .      SeeInvis .   a - +0 short sword (chaos)
rCold   . . .      Faith    .   (no shield)
rNeg    . . .      Spirit   .   b - +2 leather armour
rPois   .          Reflect  .   (no helmet)
rElec   .          Harm     .   g - +0 cloak
rCorr   .          Rampage  .   (no gloves)
Will    .....      Clarity  +   (no boots)
Stlth   ++........              (no amulet)
HPRegen 0.17/turn               (no ring)
MPRegen 0.11/turn               (no ring)

@: no status effects
A: fangs 1, strong nose, distributed training, hooves 1, iridescent scales 1,
agile 1, clarity
a: Renounce Religion


You were on level 4 of the Dungeon.
You worshipped Xom.
You were a toy of Xom.
You visited 1 branch of the dungeon, and saw 4 of its levels.

You collected 163 gold pieces.

Inventory:

Hand Weapons
 a - a +0 short sword of chaos (weapon)
 t - a +3 hand axe of flaming
Missiles
 d - 172 stones
 j - 11 bolts
 l - 20 sling bullets
 p - a boomerang (quivered)
 s - 4 poisoned darts
Armour
 b - a +2 leather armour (worn)
 g - a +0 cloak (worn)
Magical Staves
 m - a staff of fire
Scrolls
 h - 2 scrolls of teleportation {unknown}
 k - a scroll of silence {unknown}
 n - a scroll of fear {unknown}
 o - a scroll of amnesia {unknown}
 q - 2 scrolls of identify {unknown}
 r - a scroll of fog {unknown}
Potions
 c - a potion of curing
 e - a potion of degeneration {unknown}
 f - a potion of cancellation {unknown}
 i - 2 potions of attraction {unknown}


   Skills:
 + Level 6.8 Fighting
 + Level 6.8 Short Blades
 + Level 1.8 Long Blades
 + Level 1.8 Axes
 + Level 1.8 Maces & Flails
 + Level 1.8 Polearms
 + Level 1.8 Staves
 + Level 1.8 Slings
 + Level 1.8 Bows
 + Level 1.8 Crossbows
 + Level 1.8 Throwing
 + Level 4.9 Armour
 + Level 3.1 Dodging
 + Level 1.8 Stealth
 + Level 1.8 Shields
 + Level 1.8 Unarmed Combat
 + Level 1.8 Spellcasting
 + Level 1.4 Conjurations
 + Level 1.4 Hexes
 + Level 1.4 Summonings
 + Level 1.4 Necromancy
 + Level 1.4 Translocations
 + Level 1.4 Transmutations
 + Level 1.4 Fire Magic
 + Level 1.4 Ice Magic
 + Level 1.4 Air Magic
 + Level 1.4 Earth Magic
 + Level 1.4 Poison Magic
 + Level 2.0 Invocations
 + Level 1.8 Evocations


You had 8 spell levels left.
You didn't know any spells.
Your spell library contained the following spells:

 Spells                   Type           Power      Damage    Failure   Level
 Blink                    Tloc           8%         N/A       30%         2
 Sublimation of Blood     Necr           4%         N/A       30%         2
 Olgreb's Toxic Radiance  Pois           4%         N/A       90%         4
 Petrify                  Tmut/Erth      4%         N/A       90%         4
 Irradiate                Conj/Tmut      2%         3d14      99%         5
 Manifold Assault         Tloc           4%         N/A       99%         5
 Ozocubu's Refrigeration  Ice            2%         4d5       100%        7
 Storm Form               Tmut/Air       2%         N/A       100%        7
 Ignition                 Fire           2%         3d3       100%        8


Dungeon Overview and Level Annotations

Branches:
Dungeon (4/15)
 Temple: D:4-7

Altars:


Innate Abilities, Weirdness & Mutations

You have very sharp teeth.
Your uncanny sense of smell can sniff out nearby items.
Your experience applies equally to all skills.
You have large cloven feet.
You are partially covered in iridescent scales. (AC +2)
You are agile. (Dex +2)
You possess an exceptional clarity of mind.


Message History

You hit the gnoll. Lightning courses through the gnoll!
You kill the gnoll!
The iguana bites you!
Unknown command.
The iguana bites you.
* * * LOW HITPOINT WARNING * * *
The iguana bites you!
* * * LOW HITPOINT WARNING * * *
Found an escape hatch in the floor.
Xom grants you insight.
You detect items!
You closely miss the iguana. Your kick misses the iguana.
The iguana misses you.
It was a potion of curing.
You feel better. The iguana completely misses you.
Unknown command.
You hit the iguana. You burn the iguana. You kick the iguana.
You bite the iguana, but do no damage.
The iguana is moderately wounded.
You barely miss the iguana.
The iguana is moderately wounded.
The iguana barely misses you. The gnoll hits you but does no damage.
You hit the iguana but do no damage.
The iguana is moderately wounded.
The iguana misses you. The gnoll closely misses you.
You hit the iguana but do no damage.
The iguana is moving more slowly.
The iguana is moderately wounded.
You hit the iguana. You burn the iguana. You kick the iguana, but do no damage.
The iguana is moderately wounded.
The iguana bites you.
* * * LOW HITPOINT WARNING * * *
There is an escape hatch in the floor here.
The iguana stops moving altogether!
The helpless iguana fails to defend itself.
You puncture the iguana! You drain the iguana.
The iguana is almost dead.
The ice beast hits you.
* * * LOW HITPOINT WARNING * * *
The ice beast freezes you!
You die...
Xom snickers!

.. #.# .. #. #(## #..#
########...
#†########l@......#
######..##..g.gY########
....)......######
.######.......#### #.#
###.###....# #.#
#####......††.#### #.#
#...#............### #.#
#...#..[.....###...### #.#
###............#####...####
#.#


You could see an ice beast, an iguana (petrified, drained) and 2 gnolls.

Vanquished Creatures
  An ogre (D:4)
  A jelly (D:3)
  A gnoll (D:4)
  5 adders
  A dart slug (D:1)
  5 orcs (D:3)
  4 endoplasms
  5 giant cockroaches
  6 goblins
  9 hobgoblins
  5 kobolds
  2 quokkas
  3 ball pythons
  4 bats
  2 frilled lizards (D:1)
  4 rats
58 creatures vanquished.

Notes
Turn   | Place    | Note
-------+----------+-------------------------------------------
     0 | D:1      | Ablot the Gnoll Chaos Knight began the quest for the Orb.
     0 | D:1      | Reached XP level 1. HP: 23/23 MP: 1/1
    80 | D:1      | XOM: silly message
   196 | D:1      | Reached XP level 2. HP: 29/29 MP: 2/2
   382 | D:1      | XOM: silly message
   410 | D:1      | XOM: draining
   449 | D:1      | Reached XP level 3. HP: 27/31 MP: 3/3
   577 | D:1      | XOM: give mutation
   577 | D:1      | Gained mutation: You are agile. (Dex +2) [Xom's grace]
   815 | D:1      | XOM: scenery: summon butterflies
   987 | D:2      | XOM: give mutations
   987 | D:2      | Gained mutation: You have large cloven feet. [Xom's grace]
   987 | D:2      | Gained mutation: You are partially covered in iridescent
                  | scales. (AC +2) [Xom's grace]
   987 | D:2      | Gained mutation: You possess an exceptional clarity of
                  | mind. [Xom's grace]
  1060 | D:2      | Reached skill level 1 in Invocations
  1321 | D:2      | Reached skill level 1 in Long Blades
  1321 | D:2      | Reached skill level 1 in Axes
  1321 | D:2      | Reached skill level 1 in Maces & Flails
  1321 | D:2      | Reached skill level 1 in Polearms
  1321 | D:2      | Reached skill level 1 in Staves
  1321 | D:2      | Reached skill level 1 in Slings
  1321 | D:2      | Reached skill level 1 in Bows
  1321 | D:2      | Reached skill level 1 in Crossbows
  1321 | D:2      | Reached skill level 1 in Throwing
  1321 | D:2      | Reached skill level 1 in Stealth
  1321 | D:2      | Reached skill level 1 in Shields
  1321 | D:2      | Reached skill level 1 in Unarmed Combat
  1321 | D:2      | Reached skill level 1 in Spellcasting
  1321 | D:2      | Reached skill level 1 in Evocations
  1717 | D:3      | Reached XP level 4. HP: 35/41 MP: 5/5
  1836 | D:3      | XOM: 1-stop teleportation journey
  1864 | D:3      | Found a faded altar of an unknown god.
  2013 | D:3      | XOM: god gift: the Unrestrained Analects
  2027 | D:3      | Reached skill level 1 in Conjurations
  2027 | D:3      | Reached skill level 1 in Hexes
  2027 | D:3      | Reached skill level 1 in Summonings
  2027 | D:3      | Reached skill level 1 in Necromancy
  2027 | D:3      | Reached skill level 1 in Translocations
  2027 | D:3      | Reached skill level 1 in Transmutations
  2027 | D:3      | Reached skill level 1 in Fire Magic
  2027 | D:3      | Reached skill level 1 in Ice Magic
  2027 | D:3      | Reached skill level 1 in Air Magic
  2027 | D:3      | Reached skill level 1 in Earth Magic
  2027 | D:3      | Reached skill level 1 in Poison Magic
  2333 | D:3      | XOM: god gift: scroll labelled DETWUSTR YLEDUA {god gift}
  2592 | D:4      | Reached XP level 5. HP: 47/47 MP: 6/6
  2681 | D:4      | Noticed an ogre
  2692 | D:4      | Killed an ogre
  2762 | D:4      | Noticed an ice beast
  2769 | D:4      | Reached XP level 6. HP: 41/53 MP: 8/8
  2781 | D:4      | XOM: divination: detect items
  2798 | D:4      | Slain by an ice beast

Illustrated notes

Levels and vault maps discovered:
D:1:      lightli_arrival_farm, layout_rooms, minmay_box_of_dots
D:2:      layout_loops_corners
D:3:      minmay_angry_zag, layout_basic, nicolae_ecumenical_lake_church
D:4:      layout_rooms

Skill      XL: |  1  2  3  4  5 |
---------------+----------------+-----
Invocations    | 1 2 |  2.0
Long Blades    | 1 |  1.8
Axes           | 1 |  1.8
Maces & Flails | 1 |  1.8
Polearms       | 1 |  1.8
Staves         | 1 |  1.8
Slings         | 1 |  1.8
Bows           | 1 |  1.8
Crossbows      | 1 |  1.8
Throwing       | 1 |  1.8
Stealth        | 1 |  1.8
Shields        | 1 |  1.8
Unarmed Combat | 1 |  1.8
Spellcasting   | 1 |  1.8
Evocations     | 1 |  1.8
Conjurations   | 1 |  1.4
Hexes          | 1 |  1.4
Summonings     | 1 |  1.4
Necromancy     | 1 |  1.4
Translocations | 1 |  1.4
Transmutations | 1 |  1.4
Fire Magic     | 1 |  1.4
Ice Magic      | 1 |  1.4
Air Magic      | 1 |  1.4
Earth Magic    | 1 |  1.4
Poison Magic   | 1 |  1.4
Dodging        | 3 |  3.1
Fighting       | |  6.8
Short Blades   | |  6.8
Armour         | |  4.9

Action                   |  1- 3 |  4- 6 || total
-------------------------+-------+-------++-------
Melee: Short sword       |    95 |    78 ||   173
       Bite              |     7 |    10 ||    17
       Punch             |     3 |     3 ||     6
       Kick              |     4 |    17 ||    21
Throw: Stone             |     5 |       ||     5
       Dart              |       |     4 ||     4
       Boomerang         |       |     2 ||     2
  Use: Potion            |       |     1 ||     1
 Stab: Sleeping          |     1 |       ||     1
       Petrified         |       |     1 ||     1
Armor: Leather armour    |    20 |    17 ||    37
Dodge: Dodged            |    39 |    41 ||    80
